 Dungeon Crawl Stone Soup version 0.18-b1-20-g17449fe (webtiles) character file.

4865 LORDOFBUTT the Cleaver (level 10, -6/76 HPs)
             Began as a Demonspawn Berserker on May 3, 2016.
             Was a High Priest of Trog.
             Mangled by an orc warrior
             ... wielding a +0 dire flail
              (12 damage)
             ... on level 7 of the Dungeon.
             The game lasted 00:10:33 (6699 turns).

LORDOFBUTT the Cleaver (Demonspawn Berserker)       Turns: 6699, Time: 00:10:34

Health: -6/76      AC: 10    Str: 19    XL:     10   Next: 26%
Magic:  0/3        EV: 17    Int:  9    God:    Trog [*****.]
Gold:   375        SH:  0    Dex: 16    Spells: 0 memorised, 9 levels left

rFire  . . .     SeeInvis .     H - +0 battleaxe (antimagic)
rCold  . . .     Gourm    .     p - +0 scale mail
rNeg   . . .     Faith    .     (shield currently unavailable)
rPois  .         Spirit   +     o - +0 helmet
rElec  .         Dismiss  .     (no cloak)
rCorr  +         Reflect  .     (no gloves)
SustAt .         Harm     .     E - +0 pair of boots
MR     .....                    (no amulet)
Stlth  +.........               r - +2 ring of strength
                                F - ring of resist corrosion

@: not resistant to hostile enchantments, very unstealthy
A: talons 1, repulsion field 2, spiny 1, magic shield
a: Berserk, Trog's Hand, Brothers in Arms, Burn Spellbooks, Renounce Religion


You were on level 7 of the Dungeon.
You worshipped Trog.
Trog was extremely pleased with you.
You were not hungry.

You visited 1 branch of the dungeon, and saw 7 of its levels.

You collected 375 gold pieces.

Inventory:

Hand Weapons
 H - a +0 antimagic battleaxe (weapon)
Armour
 o - a +0 helmet (worn)
 p - a +0 scale mail (worn)
 E - a +0 pair of boots (worn)
Jewellery
 d - an uncursed ring of flight
 r - a +2 ring of strength (right hand)
 F - a ring of resist corrosion (left hand)
Wands
 q - a wand of disintegration (22/24)
 t - a wand of paralysis (15/24)
 x - a wand of enslavement (5/24)
 y - a wand of lightning (6/15)
 A - a wand of acid (6/15)
Scrolls
 b - 2 scrolls of magic mapping
 f - 5 scrolls of amnesia
 g - 3 scrolls of remove curse
 h - 2 scrolls of enchant weapon {unknown}
 i - a scroll of noise {unknown}
 k - a scroll of fog {unknown}
 l - 3 scrolls of teleportation {unknown}
 n - a scroll of immolation {unknown}
 s - a scroll of blinking {unknown}
 u - a scroll of holy word {unknown}
 w - a scroll of vulnerability {unknown}
Potions
 a - a potion of resistance
 e - a potion of haste
 j - 4 potions of agility
 m - 2 potions of mutation
 v - a potion of might {unknown}
 D - 2 potions of magic {unknown}
 G - a potion of lignification {unknown}
 I - a potion of berserk rage {unknown}
Books
 B - an Akashic Record

   Spells                             Type                      Level
   a - Dispersal                      Translocation                6
   b - Malign Gateway                 Summoning/Translocation      7
   c - Disjunction                    Translocation                8
   d - Controlled Blink               Translocation                8
   Trog disapproves of the use of such an item.
Comestibles
 c - 3 bread rations
 C - a slice of pizza


   Skills:
 + Level 6.1 Fighting
 * Level 8.8 Axes
 + Level 6.9 Armour
 + Level 7.1 Dodging
 + Level 2.4 Stealth
 + Level 0.2 Evocations


You had 9 spell levels left.
You didn't know any spells.

Dungeon Overview and Level Annotations

Branches:
Dungeon (7/15)             Temple (0/1) D:5

Altars:
Cheibriados
Fedhas
Kikubaaqudgha
Makhleb
Pakellas
Qazlal
Ru
Trog
Yredelemnul
The Shining One

Shops:
D:4 (


Innate Abilities, Weirdness & Mutations

You have sharp toenails.
You are surrounded by a moderate repulsion field (EV +3).
You are partially covered in sharp spines.
When hurt, damage is shared between your health and your magic reserves.


Message History

You hit the ogre.
The ogre is heavily wounded.
You hit the plant but do no damage.
The plant is moderately damaged.
The orc warrior is struck by your spines.
The orc warrior hits you with a dire flail!
* * * LOW HITPOINT WARNING * * *
The ogre is struck by your spines. The ogre completely misses you.
You closely miss the orc warrior.
The orc warrior is almost dead.
You hit the plant but do no damage.
The plant is moderately damaged.
You hit the ogre.
The ogre is severely wounded.
The orc warrior is struck by your spines.
The orc warrior misses you. The ogre is struck by your spines.
The ogre hits you with a giant club!
* * * LOW HITPOINT WARNING * * *
The orc warrior hits you with a dire flail!
You die...

# ♣♣P♣♣.P♣≈♣.♣.PP♣♣♣..P.P.♣♣♣♣.P
# ♣.♣.♣♣♣♣?♣♣♣♣....♣P♣..PP♣.♣.P #
♣♣♣♣P♣♣♣..♣P♣.♣♣.♣♣♣.♣♣♣♣.P.♣ #
♣♣♣.♣.♣..♣..♣..P.♣[).P♣♣P..♣ ♣♣
♣P♣.P.♣(P♣♣♣.P♣..P)†♣.♣...P♣
.♣♣♣♣♣♣P♣.♣...♣P..8...♣.♣†.....♣♣
♣.♣.♣.♣♣..♣..P......#...#...♣..♣.
P♣.♣P.♣.P♣.P♣..(..............♣..
.♣P.♣.♣♣.♣PPP.♣.@.#..._...#..P♣.P
♣§♣.PP♣.♣♣♣P.♣.OPo...........♣..♣
§♣♣.♣.♣..♣P♣......P.#...#§.§P.P..
§§♣♣♣P...♣..PP♣P....P.P.§PP♣♣.P.♣
♣P♣♣♣♣.P.P.♣..♣♣♣P)♣♣PP♣♣.♣§♣P.♣♣
#♣♣..♣.♣P..#♣♣.PP♣......#.♣♣§P♣♣
#..♣.♣#...##.♣..♣..##..##.♣P.♣#
##.#.#.#...#######.###......#§.#
........................###.#§.#


You could see an orc warrior and an ogre.

Vanquished Creatures
  The ghost of shmeve the Skirmisher, a novice GrBe of Trog (D:6)
  Pikel (D:7)
  An ugly thing (D:7)
  Grinder (D:6)
  A wraith (D:5)
  Menkaure (D:5)
  A water moccasin (D:7)
  2 orc warriors
  A sky beast (D:7)
  2 black bears (D:7)
  An ice beast (D:7)
  3 slaves (D:7)
  4 ogres
  A phantom (D:4)
  2 centaurs
  The ghost of LORDOFBUTT the Covert, an amateur SpAs (D:3)
  A giant frog (D:7)
  5 killer bees (D:7)
  5 howler monkeys
  6 crimson imps
  A giant frog zombie (D:5)
  2 jellies (D:7)
  3 orc priests
  6 hounds
  5 orc wizards
  2 giant frog skeletons
  A centaur skeleton (D:7)
  7 worker ants
  A hound zombie (D:7)
  2 hound skeletons
  A howler monkey zombie (D:5)
  Robin (D:4)
  3 gnolls (D:6)
  4 adders
  4 river rats (D:7)
  2 shadow imps
  An ooze (D:6)
  An adder zombie (D:6)
  3 adder skeletons
  5 worms
  3 dart slugs
  7 giant geckos
  20 orcs
  7 bats
  8 giant cockroaches
  20 goblins
  21 hobgoblins
  11 jackals
  2 quokkas
  A giant gecko zombie (D:5)
  4 giant newts
  15 kobolds
  14 rats
  2 plants (D:7)
231 creatures vanquished.

Vanquished Creatures (others)
  A slave (D:7)
  5 plants
6 creatures vanquished.

Grand Total: 237 creatures vanquished

Notes
Turn   | Place    | Note
--------------------------------------------------------------
     0 | D:1      | LORDOFBUTT the Demonspawn Berserker began the quest for the Orb.
     0 | D:1      | Reached XP level 1. HP: 18/18 MP: 1/1
   202 | D:1      | Reached skill level 3 in Axes
   207 | D:1      | Gained mutation: When hurt, damage is shared between your health and your magic reserves. [demonic ancestry]
   207 | D:1      | Reached XP level 2. HP: 14/24 MP: 2/2
   386 | D:1      | Reached ** piety under Trog
   419 | D:1      | Gained mutation: You have sharp toenails. [demonic ancestry]
   419 | D:1      | Reached XP level 3. HP: 5/29 MP: 1/3
  1737 | D:2      | Gained mutation: You are surrounded by a mild repulsion field (EV +2). [demonic ancestry]
  1737 | D:2      | Reached XP level 4. HP: 29/35 MP: 4/4
  2039 | D:2      | Found a snail-covered altar of Cheibriados.
  2131 | D:2      | Reached *** piety under Trog
  2241 | D:2      | Found a basalt altar of Yredelemnul.
  2473 | D:3      | Found a basalt altar of Yredelemnul.
  2494 | D:3      | Noticed LORDOFBUTT's ghost (amateur SpAs)
  2507 | D:3      | Killed LORDOFBUTT's ghost
  2507 | D:3      | Reached skill level 1 in Stealth
  2507 | D:3      | Gained mutation: You are surrounded by a moderate repulsion field (EV +3). [demonic ancestry]
  2507 | D:3      | Reached XP level 5. HP: 41/41 MP: 5/5
  3033 | D:3      | Noticed a centaur
  3053 | D:3      | Killed a centaur
  3053 | D:3      | Reached skill level 4 in Axes
  3307 | D:4      | Gained mutation: You are partially covered in sharp spines. [demonic ancestry]
  3307 | D:4      | Reached XP level 6. HP: 47/47 MP: 4/6
  3522 | D:4      | Reached XP level 7. HP: 50/53 MP: 7/7
  3593 | D:4      | Noticed Robin
  3604 | D:4      | Killed Robin
  3604 | D:4      | Reached **** piety under Trog
  3659 | D:4      | Reached skill level 5 in Axes
  3719 | D:4      | Found Bismanu's Antique Weapon Emporium.
  3929 | D:5      | Entered Level 5 of the Dungeon
  3946 | D:5      | Found an ancient bone altar of Kikubaaqudgha.
  4114 | D:5      | Noticed Menkaure
  4122 | D:5      | Killed Menkaure
  4122 | D:5      | Reached XP level 8. HP: 61/61 MP: 8/8
  4225 | D:5      | Found a staircase to the Ecumenical Temple.
  4255 | D:5      | Reached skill level 5 in Dodging
  4425 | D:5      | Reached skill level 6 in Axes
  4779 | D:5      | Reached skill level 5 in Armour
  4876 | D:6      | Reached skill level 5 in Fighting
  5155 | D:6      | Noticed shmeve's ghost (novice GrBe)
  5174 | D:6      | Killed shmeve's ghost
  5174 | D:6      | Reached XP level 9. HP: 68/68 MP: 7/9
  5316 | D:6      | Found a stormy altar of Qazlal.
  5449 | D:6      | Found a blossoming altar of Fedhas.
  5492 | D:6      | Reached skill level 7 in Axes
  5610 | D:6      | Noticed Grinder
  5610 | D:6      | Paralysed by Grinder for 7 turns
  5632 | D:6      | Killed Grinder
  5768 | D:6      | Reached ***** piety under Trog
  5990 | D:6      | Found an oddly glowing altar of Pakellas.
  5991 | D:6      | Found a sacrificial altar of Ru.
  6088 | D:7      | Noticed Pikel
  6101 | D:7      | Killed Pikel
  6178 | D:7      | Noticed a cyan ugly thing
  6195 | D:7      | Killed a cyan ugly thing
  6195 | D:7      | Reached skill level 8 in Axes
  6205 | D:7      | Received a gift from Trog
  6255 | D:7      | Reached XP level 10. HP: 59/76 MP: 3/10
  6257 | D:7      | Found a glowing golden altar of the Shining One.
  6321 | D:7      | Found a bloodstained altar of Trog.
  6477 | D:7      | Found a burning altar of Makhleb.
  6699 | D:7      | Mangled by an orc warrior

Skill      XL: |  1  2  3  4  5  6  7  8  9 10 |
---------------+-------------------------------+-----
Axes           | 3 4 5 6 8 |  8.8
Dodging        | 2 3 4 6 7 |  7.1
Stealth        | 1 2 |  2.4
Armour         | 2 3 4 5 6 |  6.9
Fighting       | 4 5 6 |  6.1
Evocations     | |  0.2

Action                   |  1- 3 |  4- 6 |  7- 9 | 10-12 || total
-------------------------+-------+-------+-------+-------++-------
Melee: Hand axe          |   178 |   156 |   300 |       ||   634
       Kick              |    24 |    43 |    76 |       ||   143
       Battleaxe         |       |       |    14 |    70 ||    84
Invok: Berserk           |     2 |     1 |     6 |     1 ||    10
 Abil: Evoke Flight      |       |     1 |       |       ||     1
  Use: Scroll            |       |     6 |     2 |       ||     8
       Potion            |       |     1 |       |     1 ||     2
 Stab: Sleeping          |     1 |     1 |       |       ||     2
  Eat: Meat ration       |     1 |       |     1 |     1 ||     3
       Bread ration      |       |     1 |     1 |       ||     2
       Pizza             |       |     1 |     2 |       ||     3
       Fruit             |       |       |     3 |       ||     3
       Chunk             |       |       |     2 |       ||     2
Armor: Animal skin       |    27 |     7 |       |       ||    34
       Scale mail        |       |    36 |    78 |    18 ||   132
Dodge: Dodged            |   120 |    87 |   208 |    83 ||   498
